 Dungeon Crawl Stone Soup version 0.30-a0-930-gb9d0489357 (webtiles) character file.

Game seed: 4622879651548809503

5429 bearlyready the Cleaver (level 10, 0/123 HPs)
             Began as an Armataur Berserker on Mar 23, 2023.
             Was a High Priest of Trog.
             Succumbed to a hornet's poison
             ... on level 9 of the Dungeon.
             The game lasted 00:13:06 (7913 turns).

bearlyready the Cleaver (Armataur Berserker)        Turns: 7913, Time: 00:13:06

Health: 0/123      AC: 16    Str: 29    XL:     10   Next: 40%
Magic:  10/10      EV:  7    Int:  7    God:    Trog [*****.]
Gold:   615        SH:  0    Dex: 11    Spells: 9/9 levels left

rFire   + . .      SeeInvis .    r - +2 hand axe (holy)
rCold   + . .      Faith    .    (no shield)
rNeg    + . .      Spirit   .    k - +1 chain mail {rF+}
rPois   .          Reflect  .    n - +2 helmet
rElec   .          Roll     +    p - +0 cloak
rCorr   .                        P - +2 pair of gloves
Will    .....                    (no barding) Stlth
                                 (no amulet)
HPRegen 0.40/turn                C - ring "Qohemij" {rC+ rN+ Str+3}
MPRegen 0.12/turn                (no ring)

@: berserking, lethally poisoned (0 -> -22), slowed
A: large, rugged brown scales 3, deformed body, armoured tail, roll, long
tongue, awkward tongue
a: Renounce Religion, Berserk, Trog's Hand, Brothers in Arms


You were on level 9 of the Dungeon.
You worshipped Trog.
Trog was extremely pleased with you.
You visited 1 branch of the dungeon, and saw 9 of its levels.

You collected 762 gold pieces.
You spent 147 gold pieces at shops.

Inventory:

Hand Weapons
 r - a +2 hand axe of holy wrath (weapon)
 N - a +0 war axe
Missiles
 c - 98 stones
 e - 2 throwing nets (quivered)
 w - 5 boomerangs
 y - 7 poisoned darts
 B - 5 javelins
Armour
 b - a +0 animal skin
 k - a +1 chain mail of fire resistance (worn)
 n - a +2 helmet (worn)
 p - a +0 cloak (worn)
 t - a +0 hat
 J - a +0 kite shield
 P - a +2 pair of gloves (worn)
Jewellery
 C - the ring "Qohemij" (left hand) {rC+ rN+ Str+3}
   (You found it on level 4 of the Dungeon)

   [ring of positive energy]

   Str:       It affects your strength (+3).
   rC:        It protects you from cold.
   rN:        It protects you from negative energy.
 D - a ring of ice
 Q - a ring of protection from cold
Wands
 E - a wand of polymorph (8)
 H - a wand of roots (8)
 K - a wand of flame (25)
 L - a wand of light (3)
 M - a wand of charming (7)
Scrolls
 a - a scroll of vulnerability {unknown}
 d - 5 scrolls of poison {unknown}
 g - 10 scrolls of identify
 h - 3 scrolls of magic mapping {unknown}
 j - 2 scrolls of noise {unknown}
 m - a scroll of fear {unknown}
 q - a scroll of enchant armour {unknown}
 x - 4 scrolls of teleportation
 F - 2 scrolls of amnesia {unknown}
 O - 2 scrolls of silence {unknown}
 R - a scroll of blinking {unknown}
Potions
 f - 3 potions of haste
 i - 3 potions of heal wounds {unknown}
 l - 5 potions of lignification {unknown}
 o - 3 potions of resistance {unknown}
 s - 2 potions of might {unknown}
 u - 4 potions of brilliance {unknown}
 v - a potion of flight {unknown}
 z - 3 potions of degeneration {unknown}
 A - 3 potions of curing
 G - a potion of ambrosia {unknown}
 I - 2 potions of magic {unknown}


   Skills:
 - Level 3.6 Fighting
 + Level 10.2 Axes
 + Level 7.6 Throwing
 - Level 2.4 Armour
 - Level 1.3 Dodging
 - Level 5.1 Evocations


You had 9 spell levels left.
You didn't know any spells.
Your spell library was empty.

Dungeon Overview and Level Annotations

Branches:
Dungeon (9/15)             Temple (0/1) D:5
   Lair: D:8-11         Orc: D:9-12

Altars:
Fedhas
Makhleb
Ru
The Shining One

Shops:
D:3 (*?(*

Annotations:
D:3 2 transporters, sargonster's ghost, amateur OgBe
D:7 2 transporters, retardedninja's ghost, novice AtFi


Innate Abilities, Weirdness & Mutations

You are completely covered in rugged brown scales. (AC +3, +7% HP)
Armour fits poorly on your strangely shaped body.
You have a long armoured tail.
You roll when moving toward enemies. (Rampage)
Your long tongue fully drains potion bottles. (2x potion effects)
Your tongue gives you trouble enunciating. (1.5x scroll delay)


Message History

You hear an angry growl.
You closely miss the hornet.
The hornet is moderately wounded.
You feel very sick.
You hear a shout!
The hornet stings you!
You are more poisoned.
You feel yourself slow down.
You closely miss the hornet.
The hornet is moderately wounded.
You feel very sick. The hornet stings you.
* * * LOW HITPOINT WARNING * * *
You feel as though you will be slow longer.
A killer bee comes into view.
The hornet completely misses you.
The killer bee buzzes angrily.
You slash the hornet!
Your tail-slap misses the hornet.
The hornet is severely wounded.
* * * LOW HITPOINT WARNING * * *
You feel very sick.
You hear a shout!
A black bear comes into view.
The hornet stings you but does no damage.
You miss the hornet.
The hornet is severely wounded.
* * * LOW HITPOINT WARNING * * *
You feel very sick. The hornet stings you!
* * * LOW HITPOINT WARNING * * *
You are more poisoned.
You feel as though you will be slow longer.
You closely miss the hornet. You tail-slap the hornet!
You kill the hornet!
Trog accepts your kill.
* * * LOW HITPOINT WARNING * * *
You feel very sick.
You slash the yak!
Your tail-slap misses the yak.
The yak is moderately wounded.
You die...

##########
.........#
.........##
.#######...######
.......<.........
..##.###...##.###
##.## #@# #Y# #.#


PPP...yY# PP.P..... SPPPPP.### PP.PPP. $.P.... PPPPP.. You could see 2 yaks and
a killer bee.

Vanquished Creatures
  2 two-headed ogres
  Pikel (D:5)
  A hornet (D:9)
  Grinder (D:6)
  A wyvern (D:7)
  A yak (D:8)
  Duvessa (D:6)
  2 water moccasins
  2 sky beasts
  A black bear (D:5)
  2 ogres (D:5)
  5 centaurs
  A lemure (D:5)
  A phantom (D:5)
  A bullfrog (D:7)
  A kobold brigand (D:7)
  A gnoll sergeant (D:8)
  3 scorpions
  3 wights (D:7)
  Dowan (D:6)
  3 howler monkeys
  3 hounds
  An orc priest (D:3)
  5 gnoll boudas
  5 iguanas
  Ijyb (D:5)
  Natasha (twice) (D:3)
  6 orc wizards
  34 gnolls
  4 adders
  3 white imps
  An ufetubus (D:4)
  4 worms
  48 orcs
  11 ball pythons
  4 endoplasms
  8 giant cockroaches
  4 hobgoblins (D:1)
  17 jackals
  13 kobolds
  7 quokkas
  6 bats
  4 frilled lizards
  8 goblins
  7 rats
241 creatures vanquished.

Vanquished Creatures (others)
  26 fungi (D:9)
  29 plants
55 creatures vanquished.

Grand Total: 296 creatures vanquished

Notes
Turn   | Place    | Note
-------+----------+-------------------------------------------
     0 | D:1      | bearlyready the Armataur Berserker began the quest for the
                  | Orb.
     0 | D:1      | Reached XP level 1. HP: 19/19 MP: 1/1
   139 | D:1      | Reached skill level 3 in Axes
   139 | D:1      | Reached XP level 2. HP: 26/26 MP: 2/2
   378 | D:1      | Reached ** piety under Trog
   508 | D:1      | Reached XP level 3. HP: 30/32 MP: 3/3
  1513 | D:3      | Noticed sargonster's ghost (amateur OgBe)
  1531 | D:3      | Found a transporter.
  1585 | D:3      | Found Nuddaepa's Weapon Shop.
  1601 | D:3      | Reached skill level 4 in Axes
  1604 | D:3      | HP: 1/32 [orc priest/divine providence (13)]
  1606 | D:3      | Reached XP level 4. HP: 1/39 MP: 4/4
  1786 | D:3      | Noticed Natasha
  1796 | D:3      | Killed Natasha
  1798 | D:3      | Reached XP level 5. HP: 48/48 MP: 5/5
  1844 | D:3      | Found Basudokh's Magic Scroll Emporium.
  1848 | D:3      | Bought 3 scrolls of identify for 72 gold pieces
  1848 | D:3      | Bought a scroll of teleportation for 36 gold pieces
  1904 | D:3      | Found a blossoming altar of Fedhas.
  1978 | D:3      | Found Ufroc's Weapon Shoppe.
  2134 | D:3      | Found a faded altar of an unknown god.
  2205 | D:3      | Found a transporter.
  2207 | D:3      | Found Foxot's General Store.
  2218 | D:3      | Bought a potion of curing for 39 gold pieces
  2308 | D:3      | Found Weys Qaf's Assorted Antiques.
  2415 | D:3      | Noticed Natasha
  2436 | D:3      | Killed Natasha
  2626 | D:4      | Reached skill level 5 in Axes
  2626 | D:4      | Reached XP level 6. HP: 53/54 MP: 6/6
  2644 | D:4      | Identified the ring "Qohemij" {rC+ rN+ Str+3}
  2667 | D:4      | Reached *** piety under Trog
  3211 | D:5      | Entered Level 5 of the Dungeon
  3334 | D:5      | Reached skill level 6 in Axes
  3431 | D:5      | Reached XP level 7. HP: 57/60 MP: 7/7
  3464 | D:5      | Found a glowing golden altar of the Shining One.
  3479 | D:5      | Reached skill level 7 in Axes
  3893 | D:5      | Noticed Ijyb
  3905 | D:5      | Killed Ijyb
  4049 | D:5      | Reached skill level 1 in Evocations
  4093 | D:5      | Reached **** piety under Trog
  4174 | D:5      | Reached skill level 1 in Throwing
  4174 | D:5      | Reached XP level 8. HP: 54/68 MP: 8/8
  4271 | D:5      | Found a staircase to the Ecumenical Temple.
  4366 | D:5      | Noticed Pikel
  4372 | D:5      | Killed Pikel
  4373 | D:5      | Reached skill level 8 in Axes
  4882 | D:5      | Noticed a two-headed ogre
  4899 | D:5      | Killed a two-headed ogre
  4900 | D:5      | Reached skill level 5 in Evocations
  4900 | D:5      | Reached XP level 9. HP: 44/74 MP: 9/9
  5380 | D:6      | Identified the +9 falchion "Otheh" {drain, rF+}
  5737 | D:6      | Noticed Grinder
  5743 | D:6      | Killed Grinder
  5744 | D:6      | Reached skill level 5 in Throwing
  5785 | D:6      | Noticed Duvessa
  5800 | D:6      | Killed Duvessa
  5801 | D:6      | Noticed Dowan
  5811 | D:6      | Killed Dowan
  5812 | D:6      | Reached skill level 9 in Axes
  6302 | D:6      | Identified the +1 ring mail "Kebocs" {Fly rN+ Will- Slay+2}
  6497 | D:7      | Reached ***** piety under Trog
  6583 | D:7      | Found a transporter.
  6584 | D:7      | Noticed retardedninja's ghost (novice AtFi)
  6589 | D:7      | Noticed a troll
  6953 | D:7      | Found a transporter.
  7165 | D:7      | Reached XP level 10. HP: 82/82 MP: 10/10
  7515 | D:8      | Found a burning altar of Makhleb.
  7539 | D:8      | Found a sacrificial altar of Ru.
  7820 | D:8      | Noticed a two-headed ogre
  7834 | D:8      | Killed a two-headed ogre
  7835 | D:8      | Reached skill level 10 in Axes
  7912 | D:9      | HP: 3/123 [poisoned by a hornet]
  7913 | D:9      | Succumbed to a hornet's poison

Illustrated notes

Levels and vault maps discovered:
D:1:      saegor_arrival_under_anarchy, layout_basic, minmay_pentomino_r4
D:2:      layout_loops_ring, nicolae_elevator_lobby_plus
D:3:      layout_basic, fedhas_altar_2, shapermc_ecumenical_altar_mp_vishouse,
          serial_shops, shop, nicolae_shop_statue_plus, shop, shop, shop_statue,
          gammafunk_ghost_arena, minivault_27, uniq_natasha
D:4:      layout_rooms, serial_curves, eino_curves_04, eino_curves_02, hex_large
D:5:      lemuel_castle_with_subvaults [lemuel_castle_interior_original],
          layout_rooms, lemuel_crystal_altar, temple_statues,
          kennysheep_small_spiral, small_statue_intersection, roderic_lattice_a,
          nrook_mini_vaults, kennysheep_generic_room_8, uniq_pikel, uniq_ijyb
D:6:      layout_basic, kennysheep_crisscross, uniq_duvessa, uniq_grinder,
          uniq_crazy_yiuf_cottage
D:7:      layout_rooms, gammafunk_ghost_arena, chequers_serial_rivers_small_b
D:8:      layout_rooms, kennysheep_little_box, nicolae_ru_sacrificial_ziggurat,
          kennysheep_generic_room_2
D:9:      layout_loops_ring, due_lair_maze_entry_diamond, orc_0_dummy,
          serial_rivers, chequers_serial_rivers_micro_e,
          chequers_serial_rivers_room_b, chequers_serial_rivers_room_a,
          chequers_serial_rivers_micro_a

Skill      XL: |  1  2  3  4  5  6  7  8  9 10 |
---------------+-------------------------------+-----
Axes           | 3 4 5 6 7 8 9 10 | 10.2
Fighting       | 3 |  3.6
Evocations     | 2 5 |  5.1
Throwing       | 1 4 6 7 |  7.6
Armour         | |  2.4
Dodging        | |  1.3

Action                     |  1- 3 |  4- 6 |  7- 9 | 10-12 || total
---------------------------+-------+-------+-------+-------++-------
  Melee: Hand axe          |   145 |   148 |   391 |   101 ||   785
         Tailslap          |    12 |    17 |    53 |    10 ||    92
         Punch             |     2 |     2 |     4 |     3 ||    11
  Throw: Throwing net      |       |       |     2 |     1 ||     3
         Dart              |       |       |     2 |       ||     2
 Invoke: Berserk           |       |     2 |     7 |     3 ||    12
  Evoke: Wand              |       |       |     1 |     1 ||     2
   Stab: Held in net/web   |       |       |     2 |     1 ||     3
 Armour: Animal skin       |    22 |       |       |       ||    22
         Chain mail        |    60 |   112 |   222 |    47 ||   441
  Dodge: Dodged            |    55 |    46 |    91 |    25 ||   217

Table legend: (Time is in decaauts)
 A = Elapsed time spent in this place.
 B = Non-inter-level travel time spent in this place.
 C = Inter-level travel time spent in this place.
 D = Time resting spent in this place.
 E = Time spent auto-exploring this place.
 F = Levels seen in this place.
 G = Mean time per level.
                   A        B        C        D        E       F      G
               +--------+--------+--------+--------+--------+-----+--------+
         Total |   7972 |   7788 |    184 |    302 |   5958 |   9 |  885.8 |
       Dungeon |   7972 |   7788 |    184 |    302 |   5958 |   9 |  885.8 |
               +--------+--------+--------+--------+--------+-----+--------+

Top non-repeatable levels by time:
     D:5: 1956 daAuts
     D:3: 1130 daAuts
     D:6: 1003 daAuts
     D:1: 884 daAuts
     D:7: 837 daAuts
     D:4: 829 daAuts
     D:8: 677 daAuts
     D:2: 628 daAuts
     D:9: 23 daAuts
